 Dungeon Crawl Stone Soup version 0.21.1 (webtiles) character file.

618237 Miyamura the Minotaur Arbalest (level 26, -2/234 HPs)
             Began as a Minotaur Monk on Feb 3, 2018.
             Was an Initiate of Makhleb.
             Slain by a frost giant
             ... wielding a +2 battleaxe of freezing
             ... created by the fury of Okawaru
              (4 damage)
             ... on level 1 of the Realm of Zot on Feb 4, 2018.
             The game lasted 02:28:57 (73416 turns).

Miyamura the Minotaur Arbalest (Minotaur Monk)     Turns: 73416, Time: 02:28:58

Health: -2/234     AC: 30    Str: 37    XL:     26   Next: 44%
Magic:  15/34      EV: 25    Int: 20    God:    Makhleb [......]
Gold:   3957       SH:  0    Dex: 29    Spells: 3/27 levels left

rFire    + + +     SeeInvis .   a - +11 great sword of Piqutud {vamp, rPois MR+ Dex-5}
rCold    + . .     Gourm    .   (shield currently unavailable)
rNeg     . . .     Faith    +   n - +0 gold dragon scales
rPois    +         Spirit   .   R - +0 hat of the Ecumenical Temple {rPois rF+}
rElec    +         Reflect  .   t - +0 cloak of Gapiheics {Regen+ Int+8 Dex+6}
rCorr    +         Harm     .   e - +1 pair of gloves {Dex+3}
MR       +++..     Rnd*Tele +   U - +2 pair of boots {Fly}
Stlth    ..........             o - amulet of Moral Flaws {Faith rElec Str+4}
HPRegen  0.89/turn              A - ring of Liberalism {rCorr *Corrode rPois rF+ Str+7}
MPRegen  0.24/turn              l - ring "Ymusok" {*Slow MP+9 Dex+8 Slay+2}

@: mighty, about to teleport, hasted and slowed, studying Long Blades
A: retaliatory headbutt, horns 2, repulsion field 1, clever 1, magic resistance
1, mutation resistance 1, teleportitis 1, wild magic 1
}: 4/15 runes: decaying, serpentine, slimy, silver
a: Renounce Religion, Evoke Flight


You were on level 1 of the Realm of Zot.
You worshipped Makhleb.
Makhleb was noncommittal.
You were not hungry.

You visited 11 branches of the dungeon, and saw 51 of its levels.
You visited 1 bazaar.
You also visited: Labyrinth, Sewer, Ice Cave and Wizlab.

You collected 9307 gold pieces.
You spent 5350 gold pieces at shops.

Inventory:

Hand Weapons
 a - the +11 great sword of Piqutud (weapon) {vamp, rPois MR+ Dex-5}
   (Okawaru gifted it to you on level 4 of the Snake Pit)

   It inflicts no extra harm, but heals its wielder when it wounds a living foe.
   It affects your dexterity (-5).
   It protects you from poison.
   It affects your resistance to hostile enchantments.
 i - the +7 great mace "Firestarter" {inner flame, rF++}
   (You found it on level 4 of the Lair of Beasts)

   It has been specially enchanted to burn those struck by it, causing extra
   injury to most foes and up to half again as much damage against particularly
   susceptible opponents.
   It greatly protects you from fire.
 Y - the +5 arbalest of the Owl {speed, Int+3 Dex+4}
   (Okawaru gifted it to you on level 5 of the Vaults)

   Attacks with this weapon are significantly faster.
   It affects your intelligence (+3).
   It affects your dexterity (+4).
Missiles
 N - 1859 bolts
Armour
 e - a +1 pair of gloves of dexterity (worn)
 n - +0 gold dragon scales (worn)
 t - the +0 cloak of Gapiheics (worn) {Regen+ Int+8 Dex+6}
   (Okawaru gifted it to you on level 1 of the Depths)

   It affects your intelligence (+8).
   It affects your dexterity (+6).
   It increases your rate of regeneration.
 P - +3 shadow dragon scales
 R - the +0 hat of the Ecumenical Temple (worn) {rPois rF+}
   (Okawaru gifted it to you on level 5 of the Depths)

   It protects you from fire.
   It protects you from poison.
 U - a +2 pair of boots of flying (worn)
Jewellery
 l - the ring "Ymusok" (right hand) {*Slow MP+9 Dex+8 Slay+2}
   (You found it on level 4 of the Snake Pit)

   [ring of magical power]

   It affects your dexterity (+8).
   It affects your accuracy and damage with ranged weapons and melee attacks
   (+2).
   It affects your magic capacity (+9).
   It may slow you when you take damage.
 o - the amulet of Moral Flaws (around neck) {Faith rElec Str+4}
   (You found it on level 5 of the Pits of Slime)

   [amulet of faith]

   It allows you to gain divine favour quickly.
   It affects your strength (+4).
   It insulates you from electricity.
 q - an uncursed ring of protection from magic
 w - the macabre finger necklace {rN+}
   (You bought it in a shop on level 5 of the Vaults)

   [amulet of nothing]

   It protects you from negative energy.
 A - the ring of Liberalism (left hand) {rCorr *Corrode rPois rF+ Str+7}
   (You found it on level 2 of the Lair of Beasts)

   [ring of resist corrosion]

   It affects your strength (+7).
   It protects you from fire.
   It protects you from poison.
   It may corrode you when you take damage.
 B - an uncursed ring of protection from cold
Wands
 b - a wand of acid (18)
 r - a wand of clouds (5)
 x - a wand of iceblast (63)
 z - a wand of paralysis (79)
 V - a wand of scattershot (15)
Scrolls
 d - a scroll of identify
 s - 3 scrolls of holy word
 u - 4 scrolls of fog
 v - 12 scrolls of amnesia
 y - 2 scrolls of teleportation
 J - 4 scrolls of fear
 K - 19 scrolls of remove curse
 M - 2 scrolls of blinking
 O - 6 scrolls of magic mapping
 S - 5 scrolls of immolation
 T - 7 scrolls of vulnerability
 W - a scroll of summoning
Potions
 f - 2 potions of invisibility
 g - 7 potions of might
 h - a potion of lignification
 k - 5 potions of magic
 m - 22 potions of flight
 p - 4 potions of ambrosia
 D - a potion of haste
 F - 4 potions of mutation
 G - 26 potions of curing
 I - 10 potions of brilliance
 L - 3 potions of cancellation
 Q - 2 potions of resistance
Books
 Z - a manual of Long Blades
Comestibles
 c - 67 rations


   Skills:
 - Level 18.4 Fighting
 - Level 22.4 Long Blades
 - Level 22.3 Maces & Flails
 O Level 27 Crossbows
 - Level 18.4 Armour
 - Level 17.0 Dodging
 - Level 1.5 Stealth
   Level 10.5 Shields
 + Level 1.2 Spellcasting
 * Level 2.2 Necromancy
 * Level 2.4 Transmutations
 - Level 5.1 Invocations


You had 3 spell levels left.
You knew the following spells:

 Your Spells              Type           Power        Failure   Level  Hunger
a - Song of Slaying       Chrm           #.......     93%         2    ###....
d - Death's Door          Chrm/Necr      #.........   100%        8    #######
s - Statue Form           Tmut/Erth      #........    100%        6    #######
z - Necromutation         Tmut/Necr      ##........   100%        8    #######


Dungeon Overview and Level Annotations

Branches:
Dungeon (15/15)            Temple (1/1) D:5            Lair (6/6) D:10
  Swamp (4/4) Lair:4        Snake (4/4) Lair:4        Slime (5/5) Lair:6
    Orc (2/2) D:10            Elf (3/3) Orc:2        Vaults (5/5) D:13
  Crypt (0/3) Vaults:2     Depths (5/5) D:15            Zot (1/5) Depths:5

Altars:
Ashenzari
Cheibriados
Dithmenos
Elyvilon
Fedhas
Gozag
Hepliaklqana
Kikubaaqudgha
Makhleb
Nemelex Xobeh
Okawaru
Qazlal
Ru
Sif Muna
Trog
Uskayaw
Vehumet
Wu Jian
Xom
Yredelemnul
Zin
The Shining One
Beogh
Jiyva

Shops:
D:8 !}??   D:12 *   Orc:2 }=(*   Elf:1 =}}   Elf:2 %   Vaults:5 ==%=?
Depths:1 *

Portals:
Hell: Depths:1 Depths:2 Depths:3 Depths:4 Depths:5
Abyss: Depths:4
Pandemonium: Depths:2 Depths:3 Depths:5
Ziggurat: Depths:2
Trove: D:15 (give +4 shadow dragon scales)


Innate Abilities, Weirdness & Mutations

You reflexively headbutt those who attack you in melee.
You have a pair of horns on your head.
You are surrounded by a mild repulsion field. (EV +2)
Your mind is acute. (Int +2)
You are resistant to hostile enchantments. (MR+)
You are somewhat resistant to further mutation.
You are occasionally teleported next to monsters.
Your spells are a little harder to cast, but a little more powerful.


Message History

The stone giant convulses!
The deep elf archer convulses!
Your body is wracked with pain!
The deep elf archer blinks!
The shadow dragon bites you but does no damage.
The shadow dragon claws you but does no damage.
The shadow dragon completely misses you.
You carve the shadow dragon like a ham!!!
You kill the shadow dragon!
Makhleb accepts your kill.
The shadow dragon scales are intact enough to wear.
The deep elf blademaster closely misses you.
You furiously retaliate!
You headbutt the deep elf blademaster!!
The deep elf blademaster hits you but does no damage.
Your gold dragon scales prevents you from hitting the deep elf blademaster.
The deep elf blademaster is heavily wounded.
The stone giant completely misses you.
The deep elf blademaster hits you but does no damage.
The deep elf blademaster hits you with a rapier!
The frost giant hits you with a battleaxe of freezing!!
The frost giant freezes you.
You die...

#. #....#
#.###....##
#...$...D.#
#.........#
#$........#
#.........#
#...Ce....#
#####e##### #@#
#..ezfC[Cf.....
#!#####ยง#######
..# ###


You could see a storm dragon, 2 deep elf blademasters, a frost giant, a curse
toe, a fire giant, a stone giant, a deep elf archer and 2 wandering mushrooms.

Vanquished Creatures
  the Royal Jelly (Slime:5)
  3 ancient liches
  2 juggernauts
  A greater mummy (WizLab)
  Vashnia (Snake:1)
  the Lernaean hydra (Swamp:4)
  Saint Roka (Depths:3)
  2 golden dragons
  A bone dragon (Depths:5)
  9 tentacled monstrosities
  2 deep elf master archers (Elf:3)
  Asterion (Vaults:2)
  8 titans
  3 liches
  4 quicksilver dragons
  15 acid blobs
  2 deep elf blademasters (Elf:3)
  A death cob (Zot:1)
  5 sphinxes
  A thorn hunter (Swamp:2)
  10 shadow dragons
  The ghost of Baghtru the Severer, an adept MiBe of Trog (Snake:2)
  7 storm dragons
  3 tengu reavers
  Roxanne (Snake:3)
  Donald (Vaults:2)
  The ghost of Monsterracer the Brawler, an adept DrHu of Cheibriados (Snake:2)
  11 nagarajas (Snake:4)
  15 azure jellies
  9 deep elf sorcerers
  11 fire giants
  14 vault wardens
  14 frost giants
  3 iron dragons
  Aizul (Swamp:1)
  A balrug (Depths:5)
  4 deep elf elementalists
  2 orc warlords
  2 angels (Depths:2)
  Louise (Depths:4)
  3 draconian stormcallers
  A ghost moth (Zot:1)
  A caustic shrike zombie (Depths:4)
  4 war gargoyles
  29 stone giants
  13 ironheart preservers
  2 juggernaut skeletons (Depths:4)
  A stone giant (shapeshifter) (Vaults:4)
  10 deep elf demonologists
  3 vampire knights
  18 very ugly things
  7 black draconians
  5 dire elephants
  7 deep elf annihilators
  2 green draconians
  A purple draconian (shapeshifter) (Vaults:5)
  A yellow draconian (Zot:1)
  9 spark wasps
  13 ettins
  A white draconian (Zot:1)
  Snorg (D:11)
  2 blizzard demons (IceCv)
  4 small abominations (Vaults:3)
  An ettin (shapeshifter) (Depths:2)
  6 death oozes
  10 deep elf death magi
  2 mummy priests (WizLab)
  A quicksilver dragon zombie (WizLab)
  A minotaur (Lab)
  3 deep elf high priests (Elf:3)
  7 fire dragons
  A great orb of eyes (shapeshifter) (D:12)
  Josephine (Lair:4)
  13 great orbs of eyes
  26 yaktaur captains
  14 naga warriors
  Erolcha (D:13)
  2 hell beasts
  14 rakshasas
  32 vault guards
  13 ice dragons
  24 hydras
  13 centaur warriors
  A merfolk avatar (Lair:6)
  2 ghost crabs
  5 spriggan air magi
  6 death knights
  19 ogre magi
  A catoblepas (Lair:5)
  10 anacondas
  50 two-headed ogres
  7 deep troll shamans
  7 alligators
  8 death yaks (D:10)
  A titan zombie (WizLab)
  31 dancing weapons
  3 large abominations (Vaults:3)
  A soul eater (Depths:4)
  5 shock serpents
  A vampire mage (Depths:4)
  5 orc high priests
  15 naga sharpshooters
  9 tengu warriors
  7 spriggan berserkers
  11 deep troll earth magi
  Urug (Lair:5)
  Nergalle (D:11)
  14 deep elf knights
  3 sun demons
  4 salamander mystics
  A fire crab (shapeshifter) (Vaults:2)
  4 iron trolls (Depths:1)
  5 shadow wraiths
  11 skeletal warriors
  18 swamp dragons
  A shambling mangrove (Swamp:1)
  5 glowing orange brains
  6 hell knights (Depths:2)
  A spark wasp zombie (Depths:4)
  2 torturous demonspawn
  5 flayed ghosts
  4 unseen horrors
  2 spriggan druids
  A sea snake (Lair:6)
  36 deep trolls
  4 wizards
  18 deep elf archers
  5 naga ritualists
  15 ironbrand convokers
  6 necromancers
  A lindwurm (Lair:5)
  A mana viper (shapeshifter) (Depths:2)
  17 orc knights
  7 phantasmal warriors
  A golden dragon skeleton (Depths:4)
  71 deep elf magi
  The ghost of Monsterracer the Conjurer, a novice DrAE of Vehumet (D:7)
  4 harpies (Vaults:4)
  2 harpies (shapeshifter)
  7 orc sorcerers
  65 ugly things
  4 wolf spiders
  5 mana vipers
  6 shining eyes
  A wolf spider (shapeshifter) (Vaults:4)
  86 slime creatures
  5 oklob plants
  2 stone giant zombies (WizLab)
  8 cyclopes
  A fire giant zombie (Depths:4)
  4 manticores
  A salamander (shapeshifter) (Depths:4)
  15 salamanders
  15 vault sentinels
  8 elephants
  32 black mambas
  A black mamba (shapeshifter) (Elf:1)
  5 moths of wrath (Zot:1)
  4 eyes of devastation
  An ice statue (IceCv)
  A frost giant skeleton (Depths:3)
  2 smoke demons
  Joseph (D:9)
  2 demonspawn zombies (WizLab)
  2 gargoyles
  A rust devil (Depths:5)
  9 guardian serpents (Snake:4)
  15 spiny frogs
  19 naga magi
  2 yaktaur zombies
  4 centaur skeletons
  5 torpor snails (Lair:1)
  A spiny frog (shapeshifter) (Vaults:4)
  9 freezing wraiths
  6 rime drakes
  55 yaktaurs
  4 komodo dragons
  A rime drake (shapeshifter) (Vaults:5)
  A golden dragon simulacrum (IceCv)
  2 efreet
  2 tengu conjurers
  3 guardian mummies (WizLab)
  A red devil (Depths:3)
  4 trolls
  4 ice devils (IceCv)
  4 polar bears
  4 anaconda simulacra
  A wind drake (Lair:6)
  15 hornets
  5 tyrant leeches
  A wolf spider simulacrum (IceCv)
  14 bog bodies
  A wind drake (shapeshifter) (Vaults:1)
  A fire giant simulacrum (Vaults:3)
  36 blink frogs
  9 hippogriffs
  2 human simulacra (Vaults:2)
  A spriggan (shapeshifter) (Vaults:4)
  3 tarantellas (shapeshifter) (Vaults:5)
  6 air elementals
  4 shadows
  A vampire (D:15)
  8 spriggans
  14 water elementals
  A wyvern (shapeshifter) (Depths:3)
  7 wyverns
  13 wraiths
  35 yaks
  A fire elemental (Elf:3)
  6 fire bats
  8 golden eyes (Slime:5)
  A hungry ghost (D:14)
  2 basilisks
  19 vampire mosquitoes
  A redback simulacrum (D:14)
  A neqoxec (Depths:3)
  A death yak simulacrum (IceCv)
  A yaktaur simulacrum (Vaults:2)
  3 harpy simulacra (IceCv)
  5 wargs
  3 acid dragons
  67 nagas
  18 swamp worms
  7 insubstantial wisps
  8 water moccasins
  4 hydra simulacra
  4 iron troll simulacra (IceCv)
  A soldier ant (shapeshifter) (Depths:2)
  2 soldier ants
  8 porcupines
  2 human skeletons (Depths:3)
  16 swamp drakes
  A black bear (D:8)
  5 sky beasts
  Purgy (Sewer)
  5 eyes of draining
  2 ice beasts
  4 phantoms
  12 boggarts
  An eye of draining (shapeshifter) (Vaults:2)
  42 ogres
  34 orc warriors
  An ettin simulacrum (IceCv)
  A necrophage (D:15)
  A tengu (shapeshifter) (Vaults:1)
  3 wolves (Lair:3)
  14 centaurs
  17 crocodiles
  21 bullfrogs
  A wyvern zombie (D:14)
  3 big kobolds
  A spiny frog simulacrum (Lair:4)
  An earth elemental (Elf:3)
  4 scorpions
  2 wyvern skeletons
  A troll zombie (D:15)
  A water moccasin skeleton (D:4)
  4 killer bees (D:9)
  3 tengu zombies
  An elephant simulacrum (IceCv)
  10 wights
  2 howler monkeys
  2 electric eels (D:14)
  4 centaur zombies
  6 crimson imps
  A quasit (D:13)
  4 draconian simulacra (IceCv)
  12 hounds
  7 jellies
  Crazy Yiuf (D:4)
  A bullfrog skeleton (D:5)
  2 bullfrog zombies
  9 human zombies
  22 orc priests
  An iron imp (Depths:5)
  21 orc wizards
  5 iguanas
  3 polar bear simulacra (IceCv)
  10 worker ants
  2 spriggan simulacra (IceCv)
  5 troll simulacra (IceCv)
  A yak simulacrum (Lair:4)
  3 centaur simulacra (IceCv)
  A mummy (D:15)
  2 hound skeletons (D:11)
  Robin (D:2)
  A howler monkey zombie (D:11)
  2 worker ant zombies (D:11)
  15 adders
  A crocodile simulacrum (Lair:4)
  4 ogre simulacra (IceCv)
  3 gnolls (D:6)
  A naga simulacrum (IceCv)
  5 shadow imps
  2 white imps (IceCv)
  An ufetubus (IceCv)
  5 oozes
  2 adder skeletons
  3 worms
  3 dart slugs
  A dart slug (shapeshifter) (Elf:3)
  17 leopard geckos
  66 orcs
  7 bats
  7 giant cockroaches
  20 goblins
  8 hobgoblins
  4 jackals (D:7)
  3 quokkas
  7 ball pythons
  6 frilled lizards
  15 kobolds
  An orc skeleton (D:15)
  An orc zombie (D:15)
  A quokka zombie (D:6)
  8 rats
  3 briar patches (Swamp:2)
  A fire vortex (Lair:2)
  2 plants (Lair:4)
2340 creatures vanquished.

Vanquished Creatures (others)
  A frost giant (Depths:4)
  A fire giant (Depths:3)
  Nessos (D:12)
  A deep elf annihilator (Elf:3)
  A spriggan air mage (Depths:4)
  A centaur warrior (D:14)
  A deep troll earth mage (Depths:4)
  2 deep elf knights
  2 deep trolls (Depths:4)
  An ironbrand convoker (Vaults:1)
  A manticore (Lair:6)
  A spiny frog (Swamp:1)
  A tyrant leech (shapeshifter) (Vaults:5)
  An insubstantial wisp (Swamp:1)
  An orc warrior (Vaults:3)
  An eye of draining (shapeshifter) (Vaults:4)
  An ogre (Vaults:5)
  2 centaurs
  2 orc priests
  An orc wizard (D:10)
  An iguana (Lair:4)
  6 white imps (IceCv)
  2 ufetubi (IceCv)
  An orc (Vaults:3)
  A briar patch (Swamp:2)
  7 fungi
  7 plants
49 creatures vanquished.

Grand Total: 2389 creatures vanquished

Notes
Turn   | Place    | Note
-------+----------+-------------------------------------------
     0 | D:1      | Miyamura the Minotaur Monk began the quest for the Orb.
     0 | D:1      | Reached XP level 1. HP: 19/19 MP: 0/0
   247 | D:1      | Reached XP level 2. HP: 24/27 MP: 1/1
   336 | D:1      | Reached skill level 1 in Armour
   711 | D:1      | Reached XP level 3. HP: 33/33 MP: 2/2
  1054 | D:2      | Reached XP level 4. HP: 41/41 MP: 3/3
  1256 | D:2      | Noticed Robin
  1283 | D:2      | Killed Robin
  1666 | D:2      | Reached XP level 5. HP: 47/47 MP: 4/4
  2217 | D:3      | Found a glowing silver altar of Zin.
  2217 | D:3      | Found a burning altar of Makhleb.
  2219 | D:3      | Found a shimmering altar of Xom.
  2220 | D:3      | Found a hazy altar of Hepliaklqana.
  2220 | D:3      | Found a shattered altar of Ashenzari.
  2229 | D:3      | Found a blossoming altar of Fedhas.
  3017 | D:4      | Reached skill level 5 in Fighting
  3079 | D:4      | Reached skill level 5 in Long Blades
  3084 | D:4      | Reached XP level 6. HP: 37/56 MP: 5/5
  3593 | D:4      | Reached skill level 5 in Dodging
  4003 | D:4      | Reached XP level 7. HP: 62/62 MP: 6/6
  4254 | D:4      | Found a runed door.
  4427 | D:4      | Noticed Crazy Yiuf
  4440 | D:4      | Killed Crazy Yiuf
  4619 | D:5      | Entered Level 5 of the Dungeon
  4658 | D:5      | Identified a scroll of acquirement
  4732 | D:5      | Found a deep blue altar of Sif Muna.
  4766 | D:5      | Reached skill level 5 in Armour
  4831 | D:5      | Found a glowing drain.
  4871 | Sewer    | Entered a sewer
  4995 | Sewer    | Noticed Purgy
  5003 | Sewer    | Killed Purgy
  5253 | D:5      | Reached XP level 8. HP: 43/71 MP: 7/7
  5514 | D:5      | Found a staircase to the Ecumenical Temple.
  5841 | Temple   | Entered the Ecumenical Temple
  5909 | Temple   | Became a worshipper of Warmaster Okawaru
  5909 | Temple   | Reached * piety under Okawaru
  5909 | Temple   | Reached ** piety under Okawaru
  6523 | D:5      | Reached skill level 1 in Invocations
  7370 | D:6      | Reached XP level 9. HP: 70/81 MP: 9/9
  7705 | D:6      | Reached *** piety under Okawaru
  8244 | D:7      | Found a sacrificial altar of Ru.
  8310 | D:7      | Found a shattered altar of Ashenzari.
  8909 | D:7      | Found a snail-covered altar of Cheibriados.
  8963 | D:7      | Noticed Monsterracer's ghost (novice DrAE)
  8975 | D:7      | Killed Monsterracer's ghost
  8982 | D:8      | Found Weasuam's Magic Scroll Boutique.
  8982 | D:8      | Found Woyvoiwk's Gadget Emporium.
  9015 | D:8      | Reached **** piety under Okawaru
  9102 | D:8      | Reached skill level 1 in Shields
  9254 | D:8      | Found Woxitoq's Magic Scroll Shop.
  9257 | D:8      | Bought a scroll of identify for 28 gold pieces
  9257 | D:8      | Bought a scroll of enchant weapon for 105 gold pieces
  9257 | D:8      | Bought a scroll of fear for 49 gold pieces
  9257 | D:8      | Bought a scroll of teleportation for 42 gold pieces
  9257 | D:8      | Bought a scroll of identify for 28 gold pieces
  9257 | D:8      | Bought a scroll of identify for 28 gold pieces
  9257 | D:8      | Bought a scroll of identify for 28 gold pieces
  9510 | D:8      | Found Fithamni's Distillery.
  9530 | D:8      | Bought a potion of mutation for 80 gold pieces
  9530 | D:8      | Bought a potion of degeneration for 10 gold pieces
  9699 | D:7      | Identified the cursed +1 rapier of Terror {pain, *Slow rC++ MP-9 Dex+4} (You found it on level 7 of the Dungeon)
 10315 | D:9      | Reached XP level 10. HP: 90/90 MP: 12/12
 10597 | D:9      | Noticed a centaur warrior
 10611 | D:9      | Killed a centaur warrior
 10809 | D:9      | Noticed Joseph
 10847 | D:9      | Killed Joseph
 10847 | D:9      | Reached ***** piety under Okawaru
 10847 | D:9      | Reached skill level 5 in Invocations
 11575 | D:10     | Entered Level 10 of the Dungeon
 11640 | D:10     | Found a staircase to the Orcish Mines.
 11660 | D:10     | Noticed a death yak
 11695 | D:10     | Noticed a death yak
 11695 | D:10     | Noticed a death yak
 11695 | D:10     | Noticed a death yak
 11695 | D:10     | Noticed a death yak
 11696 | D:10     | Noticed a death yak
 11696 | D:10     | Noticed a death yak
 11696 | D:10     | Noticed a death yak
 12295 | D:10     | Paralysed by a hornet for 1 turns
 12514 | D:10     | Found a staircase to the Lair.
 12551 | D:10     | Killed a death yak
 12579 | D:10     | Killed a death yak
 12579 | D:10     | Received a gift from Okawaru
 12950 | D:10     | Got a polished morningstar {drain}
 12952 | D:10     | Identified the cursed +1 morningstar of the Hawk {drain, Int+4} (You took it off an orc priest on level 10 of the Dungeon)
 13125 | D:10     | Killed a death yak
 13125 | D:10     | Reached skill level 10 in Fighting
 13125 | D:10     | Reached skill level 10 in Long Blades
 13125 | D:10     | Reached skill level 5 in Shields
 13125 | D:10     | Reached XP level 11. HP: 99/99 MP: 6/13
 13399 | D:10     | Killed a death yak
 13417 | D:10     | Killed a death yak
 13417 | D:10     | Received a gift from Okawaru
 13442 | D:10     | Killed a death yak
 13467 | D:10     | Killed a death yak
 13490 | D:10     | Killed a death yak
 13768 | D:11     | Noticed a deep elf mage
 13805 | Lair:1   | Entered Level 1 of the Lair of Beasts
 13819 | D:10     | Reached skill level 10 in Armour
 13875 | Lair:1   | Reached skill level 10 in Dodging
 13994 | Lair:1   | Found a snail-covered altar of Cheibriados.
 14669 | Lair:1   | Noticed a six-headed hydra
 14685 | Lair:1   | Killed a six-headed hydra
 14685 | Lair:1   | Reached XP level 12. HP: 103/110 MP: 11/14
 14886 | Lair:1   | Received a gift from Okawaru
 14889 | Lair:1   | Got a brightly glowing scimitar {god gift}
 14890 | Lair:1   | Identified the +0 scimitar "Ivefi" {venom, *Contam MR- Str+8} (Okawaru gifted it to you on level 1 of the Lair of Beasts)
 14892 | Lair:1   | Gained mutation: Armour fits poorly on your strangely shaped body. [mutagenic glow]
 15008 | Lair:1   | Lost mutation: Armour fits poorly on your strangely shaped body. [potion of mutation]
 15008 | Lair:1   | Gained mutation: Potions are less effective at restoring your health. [potion of mutation]
 15008 | Lair:1   | Gained mutation: You are surrounded by a mild repulsion field. (EV +2) [potion of mutation]
 15008 | Lair:1   | Gained mutation: You possess an exceptional clarity of mind. [potion of mutation]
 15136 | Lair:1   | Noticed a seven-headed hydra
 15158 | Lair:1   | Killed a seven-headed hydra
 16627 | Lair:2   | Noticed a six-headed hydra
 16637 | Lair:2   | Killed a six-headed hydra
 16938 | Lair:2   | Noticed a fire dragon
 16966 | Lair:2   | Killed a fire dragon
 17261 | Lair:2   | Got a transparent jade ring
 17265 | Lair:2   | Got an aquamarine-studded plate armour
 17295 | Lair:2   | Identified the +11 plate armour of Ziox {Str+3} (You found it on level 2 of the Lair of Beasts)
 17297 | Lair:2   | Identified the ring of Liberalism {rCorr *Corrode rPois rF+ Str+7} (You found it on level 2 of the Lair of Beasts)
 17689 | Lair:2   | Received a gift from Okawaru
 17828 | Lair:3   | Noticed a five-headed hydra
 17845 | Lair:3   | Killed a 17-headed hydra
 18003 | Lair:3   | Noticed a four-headed hydra
 18011 | Lair:3   | Killed a four-headed hydra
 19149 | Lair:4   | Noticed Josephine
 19161 | Lair:4   | Killed Josephine
 19172 | Lair:4   | Reached XP level 13. HP: 98/119 MP: 15/15
 19250 | Lair:4   | Found a transporter.
 19251 | Lair:4   | Found the +7 great mace "Firestarter" {inner flame, rF++}
 19410 | Lair:4   | Found a staircase to the Swamp.
 19494 | Lair:4   | Found a staircase to the Snake Pit.
 19518 | Lair:4   | Found a transporter.
 19527 | Lair:4   | Received a gift from Okawaru
 20476 | Lair:3   | Got a crystal executioner's axe
 20477 | Lair:3   | Identified the +0 executioner's axe "Aroshaun" {distort, rN+ MR+ SInv} (You found it on level 3 of the Lair of Beasts)
 20854 | Lair:5   | Reached skill level 10 in Shields
 21064 | Lair:5   | Noticed Urug
 21086 | Lair:5   | Killed Urug
 21888 | Lair:6   | Entered Level 6 of the Lair of Beasts
 21899 | Lair:6   | Reached skill level 1 in Maces & Flails
 21930 | Lair:6   | Reached ****** piety under Okawaru
 21972 | Lair:6   | Reached skill level 5 in Maces & Flails
 22260 | Lair:6   | Got a fine tin amulet
 22268 | Lair:6   | Identified the amulet "Piutoegg" {Gourm Int+3} (You found it on level 6 of the Lair of Beasts)
 22386 | Lair:6   | Reached XP level 14. HP: 121/129 MP: 16/16
 22745 | Lair:6   | Found a staircase to the Slime Pits.
 22746 | Lair:6   | Found a viscous altar of Jiyva.
 22898 | Lair:6   | Found a glowing silver altar of Zin.
 22992 | Lair:6   | Received a gift from Okawaru
 23002 | Lair:6   | Reached skill level 10 in Maces & Flails
 23346 | Lair:6   | Lost mutation: Potions are less effective at restoring your health. [potion of mutation]
 23346 | Lair:6   | Lost mutation: You possess an exceptional clarity of mind. [potion of mutation]
 23346 | Lair:6   | Lost mutation: You are surrounded by a mild repulsion field. (EV +2) [potion of mutation]
 23346 | Lair:6   | Gained mutation: Your flesh is heat resistant. (rF+) [potion of mutation]
 23346 | Lair:6   | Gained mutation: You are surrounded by a mild repulsion field. (EV +2) [potion of mutation]
 23346 | Lair:6   | Gained mutation: Your mind is acute. (Int +2) [potion of mutation]
 23639 | Orc:1    | Entered Level 1 of the Orcish Mines
 23818 | Orc:2    | Entered Level 2 of the Orcish Mines
 23818 | Orc:2    | Found a labyrinth entrance.
 23824 | Lab      | Entered a labyrinth
 24042 | Lab      | Got an encrusted shortbow
 24057 | Lab      | Identified the Reference Book on Earth and Transmigration
 24347 | Orc:2    | Found Xivueqy's Assorted Antiques.
 24386 | Orc:2    | Gained mutation: You expend magic power (3 MP) to strengthen your wands. [a neqoxec]
 24392 | Orc:2    | Gained mutation: You occasionally shout uncontrollably at your foes. [a neqoxec]
 24909 | Orc:2    | Found a staircase to the Elven Halls.
 25154 | Orc:2    | Found Jyujappykke's Weapon Emporium.
 25223 | Orc:2    | Found Myahaolo's Jewellery Shop.
 25223 | Orc:2    | Found Gammo's Gadget Shop.
 25252 | Orc:2    | Bought a glowing ruby potion for 27 gold pieces
 25252 | Orc:2    | Bought a scroll of immolation for 108 gold pieces
 25616 | D:11     | Noticed Nergalle
 25664 | D:11     | You fall through a shaft for 2 floors!
 26113 | D:12     | Found Jyasiuj's General Store.
 26180 | D:12     | Bought a potion of might for 60 gold pieces
 26180 | D:12     | Bought a potion of agility for 60 gold pieces
 26223 | D:12     | Found a glowing silver altar of Zin.
 26316 | D:12     | Noticed Nessos
 26322 | D:12     | Killed Nessos
 26491 | D:12     | Noticed a fire giant
 26503 | D:12     | Killed a fire giant
 26503 | D:12     | Reached XP level 15. HP: 117/135 MP: 17/17
 26619 | D:12     | Received a gift from Okawaru
 26631 | D:12     | Identified the +10 shortbow "Sexudeot" {venom, SInv} (You took it off a minotaur in a labyrinth)
 26642 | D:12     | Noticed a storm dragon
 26657 | D:12     | Killed a storm dragon
 26657 | D:12     | Reached skill level 15 in Maces & Flails
 27000 | D:11     | Noticed Snorg
 27009 | D:11     | Killed Snorg
 27033 | D:11     | Killed Nergalle
 27539 | D:13     | Found a gate to the Vaults.
 28097 | D:13     | Noticed Erolcha
 28102 | D:13     | Killed Erolcha
 28123 | D:13     | Learned a level 2 spell: Song of Slaying
 29215 | D:14     | Received a gift from Okawaru
 29218 | D:14     | Got a jewelled chain mail {god gift}
 29232 | D:14     | Identified the +8 chain mail of Generosity {rCorr Int+4} (Okawaru gifted it to you on level 14 of the Dungeon)
 29946 | D:15     | Entered Level 15 of the Dungeon
 30096 | D:15     | Paralysed by an orc sorcerer for 6 turns
 30553 | D:15     | Reached XP level 16. HP: 107/143 MP: 18/18
 30723 | D:15     | Found a staircase to the Depths.
 31408 | D:15     | Found a basalt altar of Yredelemnul.
 31554 | D:15     | Found a portal to a secret trove of treasure.
 32353 | Swamp:1  | Entered Level 1 of the Swamp
 32392 | Swamp:1  | Noticed Aizul
 32408 | Swamp:1  | Killed Aizul
 32576 | Swamp:1  | Found a frozen archway.
 32586 | IceCv    | Entered an ice cave
 33480 | IceCv    | Received a gift from Okawaru
 34985 | Swamp:1  | Got a pair of spiked gloves
 34996 | Swamp:1  | Identified the -7 pair of gloves of Vanity {rF+} (You acquired it on level 1 of the Swamp)
 35633 | Swamp:2  | Noticed a thorn hunter
 35650 | Swamp:2  | Killed a thorn hunter
 36324 | Swamp:3  | Received a gift from Okawaru
 36997 | Swamp:4  | Entered Level 4 of the Swamp
 37255 | Swamp:4  | Reached XP level 17. HP: 136/151 MP: 19/19
 37325 | Swamp:4  | Received a gift from Okawaru
 37587 | Swamp:4  | Noticed the 27-headed Lernaean hydra
 37712 | Swamp:4  | Killed the 27-headed Lernaean hydra
 37712 | Swamp:4  | Received a gift from Okawaru
 38039 | Swamp:4  | Got a decaying rune of Zot
 38756 | Snake:1  | Entered Level 1 of the Snake Pit
 39744 | Snake:2  | Noticed Monsterracer's ghost (adept DrHu)
 39758 | Snake:2  | Noticed Baghtru's ghost (adept MiBe)
 39762 | Snake:2  | Killed Monsterracer's ghost
 39894 | Snake:2  | Noticed Vashnia
 39918 | Snake:1  | Killed Vashnia
 40066 | Snake:2  | Received a gift from Okawaru
 40515 | Snake:2  | Killed Baghtru's ghost
 40830 | Snake:2  | Reached skill level 15 in Armour
 41049 | Snake:2  | Found a shimmering altar of Xom.
 41236 | Snake:3  | Reached skill level 15 in Fighting
 41551 | Snake:3  | Noticed Roxanne
 41568 | Snake:3  | Killed Roxanne
 41649 | Snake:3  | Identified Roxanne's Guide on Moulding (You took it off Roxanne on level 3 of the Snake Pit)
 41666 | Snake:3  | Learned a level 6 spell: Statue Form
 42301 | Snake:4  | Entered Level 4 of the Snake Pit
 42329 | Snake:4  | Reached XP level 18. HP: 156/163 MP: 20/20
 42423 | Snake:4  | Got a scorched glass ring
 42424 | Snake:4  | Identified the ring "Ymusok" {*Slow MP+9 Dex+8 Slay+2} (You found it on level 4 of the Snake Pit)
 43288 | Snake:4  | Received a gift from Okawaru
 43834 | Snake:4  | Received a gift from Okawaru
 44163 | Snake:4  | Reached skill level 15 in Dodging
 44323 | Snake:4  | Got a serpentine rune of Zot
 44720 | Snake:4  | Got a shimmering great sword {god gift}
 44721 | Snake:4  | Identified the +11 great sword of Piqutud {vamp, rPois MR+ Dex-5} (Okawaru gifted it to you on level 4 of the Snake Pit)
 45432 | Elf:1    | Entered Level 1 of the Elven Halls
 45436 | Elf:1    | Received a gift from Okawaru
 45805 | Elf:1    | Reached XP level 19. HP: 170/173 MP: 21/21
 45863 | Elf:1    | Identified the Compendium of Attacks
 46237 | Elf:1    | Reached skill level 15 in Long Blades
 46373 | Elf:1    | Found Xien's Gadget Shop.
 46374 | Elf:1    | Found Tufyaze's Jewellery Shoppe.
 46375 | Elf:1    | Found Pivout's Gadget Shop.
 46764 | Elf:2    | Found a roughly hewn altar of Beogh.
 46911 | Elf:2    | Found Niotuqio's Food Boutique.
 47142 | Elf:2    | Received a gift from Okawaru
 47242 | Elf:2    | Found a runed gate.
 47242 | Elf:2    | Found a runed gate.
 47242 | Elf:2    | Found a runed gate.
 47682 | Elf:3    | Entered Level 3 of the Elven Halls
 48901 | Elf:3    | Reached XP level 20. HP: 107/182 MP: 22/22
 49014 | Elf:3    | Got a faintly glowing jade ring
 49177 | Elf:3    | Identified the ring "Pimism" {Fire *Slow MP+9 Str+6} (You took it off a deep elf death mage on level 3 of the Elven Halls)
 49184 | Elf:3    | Identified Rishysh's Disquisition on Heat and Attacks
 49266 | Elf:3    | Got a warped morningstar {crush}
 49268 | Elf:3    | Identified the +2 morningstar "Orb Guardian's Curse" {crush, Dex+4} (You took it off a deep elf annihilator on level 3 of the Elven Halls)
 49484 | Vaults:1 | Entered Level 1 of the Vaults
 49776 | Vaults:1 | Got a bloodstained great sword
 49777 | Vaults:1 | Identified the +10 great sword "Death Rattle" {venom, rC- Int+4} (You found it on level 1 of the Vaults)
 49846 | Vaults:1 | Received a gift from Okawaru
 50450 | Vaults:1 | Reached skill level 1 in Crossbows
 50457 | Vaults:1 | Reached skill level 2 in Crossbows
 50589 | Vaults:1 | Reached skill level 3 in Crossbows
 50646 | Vaults:1 | Reached skill level 4 in Crossbows
 50752 | Vaults:1 | Received a gift from Okawaru
 50752 | Vaults:1 | Reached skill level 5 in Crossbows
 50987 | Vaults:2 | Reached skill level 6 in Crossbows
 51249 | Vaults:2 | Reached skill level 7 in Crossbows
 51393 | Vaults:2 | Reached skill level 8 in Crossbows
 51428 | Vaults:2 | Noticed Donald
 51436 | Vaults:2 | Killed Donald
 51460 | Vaults:2 | Noticed Asterion
 51476 | Vaults:2 | Killed Asterion
 51476 | Vaults:2 | Received a gift from Okawaru
 51560 | Vaults:2 | Reached skill level 9 in Crossbows
 51925 | Vaults:2 | Reached skill level 10 in Crossbows
 52000 | Vaults:2 | Found a staircase to the Crypt.
 52288 | Vaults:2 | Reached XP level 21. HP: 189/189 MP: 23/23
 52515 | Vaults:2 | Reached skill level 11 in Crossbows
 52804 | Vaults:3 | Received a gift from Okawaru
 52830 | Vaults:3 | Reached skill level 12 in Crossbows
 53173 | Vaults:3 | Reached skill level 13 in Crossbows
 53464 | Vaults:3 | Reached skill level 14 in Crossbows
 53538 | Vaults:3 | Received a gift from Okawaru
 53775 | Vaults:3 | Reached skill level 15 in Crossbows
 54196 | Vaults:3 | Received a gift from Okawaru
 54642 | Vaults:4 | Received a gift from Okawaru
 54710 | Vaults:4 | Reached skill level 16 in Crossbows
 54739 | Vaults:4 | Received a gift from Okawaru
 55008 | Vaults:4 | Reached XP level 22. HP: 196/196 MP: 24/24
 55026 | Vaults:4 | Reached skill level 17 in Crossbows
 55565 | Vaults:4 | Got a twisted flail
 55566 | Vaults:4 | Identified the +4 flail of Tender Mercy {venom, Str+3 Int+7} (You found it on level 4 of the Vaults)
 55731 | Vaults:4 | Received a gift from Okawaru
 55750 | Vaults:4 | Got a steaming large shield {god gift}
 55751 | Vaults:4 | Identified the +2 large shield of the Wasteland {+Inv rC+ rN+ rCorr} (Okawaru gifted it to you on level 4 of the Vaults)
 56061 | Vaults:5 | Entered Level 5 of the Vaults
 56061 | Vaults:5 | Noticed a golden dragon
 56066 | Vaults:5 | Noticed a golden dragon
 56067 | Vaults:5 | Reached skill level 18 in Crossbows
 56067 | Vaults:5 | Killed a golden dragon
 56079 | Vaults:4 | Killed a golden dragon
 56421 | Depths:1 | Entered Level 1 of the Depths
 56483 | Depths:1 | Reached skill level 19 in Crossbows
 56573 | Depths:1 | Found a gateway to Hell.
 56644 | Depths:1 | Found a magical portal.
 56653 | WizLab   | Entered Doroklohe's Tomb
 56936 | WizLab   | Noticed a greater mummy
 56951 | WizLab   | Killed a greater mummy
 56951 | WizLab   | Received a gift from Okawaru
 57294 | WizLab   | Got a faintly humming leather armour
 57295 | WizLab   | Identified the cursed +1 leather armour of Dianoat {+Blink rElec rF- Regen+ rCorr} (You found it in a wizard's laboratory)
 57314 | WizLab   | Got an ancient robe
 57315 | WizLab   | Identified the +2 robe of the Hunter {rC+ Dex+4} (You found it in a wizard's laboratory)
 57406 | Depths:1 | Reached skill level 20 in Crossbows
 57486 | Depths:1 | Received a gift from Okawaru
 57524 | Depths:1 | Got a brightly glowing cloak {god gift}
 57525 | Depths:1 | Identified the +0 cloak of Gapiheics {Regen+ Int+8 Dex+6} (Okawaru gifted it to you on level 1 of the Depths)
 57851 | Depths:1 | Found Ukit Itruo's Assorted Antiques.
 57925 | Depths:1 | Bought a runed hat for 287 gold pieces
 57925 | Depths:1 | Bought a glowing hat for 287 gold pieces
 57962 | Depths:1 | Bought a scroll of immolation for 143 gold pieces
 57962 | Depths:1 | Bought a scroll of blinking for 307 gold pieces
 58012 | Depths:1 | Reached XP level 23. HP: 202/203 MP: 25/25
 58326 | Depths:1 | Reached skill level 21 in Crossbows
 59085 | Depths:2 | Received a gift from Okawaru
 59228 | Depths:2 | Found a one-way gate leading to the halls of Pandemonium.
 59404 | Depths:2 | Reached skill level 22 in Crossbows
 59606 | Depths:2 | Found a gateway to a ziggurat.
 59639 | Depths:2 | Received a gift from Okawaru
 59678 | Depths:2 | Identified a +1 pair of boots of running (Okawaru gifted it to you on level 2 of the Depths)
 60589 | Depths:2 | Reached skill level 23 in Crossbows
 61842 | Depths:3 | Noticed Saint Roka
 61997 | Depths:3 | Killed Saint Roka
 62213 | Depths:3 | Gained mutation: You sometimes yell uncontrollably at your foes. [a neqoxec]
 62723 | Depths:3 | Noticed a juggernaut
 62733 | Depths:3 | Killed a juggernaut
 62733 | Depths:3 | Received a gift from Okawaru
 62778 | Depths:3 | Reached XP level 24. HP: 196/211 MP: 25/25
 62844 | Depths:3 | Noticed an ancient lich
 62846 | Depths:3 | Killed an ancient lich
 62846 | Depths:3 | Reached skill level 24 in Crossbows
 62990 | Depths:3 | Found the +3 giant club "Skullcrusher" {speed, Str+7}
 63008 | Depths:3 | Identified the Collected Works on Dusty Augmentations
 63195 | Depths:4 | Found a gateway to a bazaar.
 63199 | Bazaar   | Entered a bazaar
 63199 | Bazaar   | Found Lirrican's Antique Weapon Shop.
 63199 | Bazaar   | Found Barha's Antique Armour Shop.
 63362 | Bazaar   | Found Dirien's General Store.
 63386 | Bazaar   | Bought a pair of embroidered gloves for 120 gold pieces
 63386 | Bazaar   | Bought a twisted plate armour for 448 gold pieces
 63386 | Bazaar   | Bought a jewelled scale mail for 144 gold pieces
 63386 | Bazaar   | Bought a pair of runed gloves for 120 gold pieces
 63397 | Bazaar   | Identified the +5 plate armour of Nerykalu {Int+3} (You bought it in a shop in a bazaar)
 63407 | Bazaar   | Identified the +3 scale mail of Unambiguity {rElec rPois MP+9 Str-5} (You bought it in a shop in a bazaar)
 63462 | Bazaar   | Bought a bloodstained long sword for 246 gold pieces
 63462 | Bazaar   | Bought a polished spear for 232 gold pieces
 63463 | Bazaar   | Identified the +2 long sword "Ultimatum" {slice, rElec rPois MR++ Int-5} (You bought it in a shop in a bazaar)
 63464 | Bazaar   | Identified the +5 spear of Fate {drain, Int+3} (You bought it in a shop in a bazaar)
 63505 | Depths:4 | Received a gift from Okawaru
 63607 | Depths:4 | HP: 1/211 [shadow dragon/bolt of negative energy (33)]
 63924 | Depths:4 | Received a gift from Okawaru
 64112 | Depths:4 | Reached skill level 25 in Crossbows
 64506 | Depths:4 | Noticed Louise
 64526 | Depths:4 | Found a one-way gate to the infinite horrors of the Abyss.
 64528 | Depths:4 | Killed Louise
 65175 | Depths:4 | Noticed an ancient lich
 65181 | Depths:4 | Killed an ancient lich
 65244 | Depths:4 | Identified Dusuifow's Disquisition on Black Arts
 65444 | Depths:5 | Entered Level 5 of the Depths
 65485 | Depths:5 | Reached skill level 26 in Crossbows
 65693 | Depths:5 | Received a gift from Okawaru
 65705 | Depths:5 | Got a pitted hat {god gift}
 65706 | Depths:5 | Identified the +0 hat of the Ecumenical Temple {rPois rF+} (Okawaru gifted it to you on level 5 of the Depths)
 65802 | Depths:5 | Noticed a juggernaut
 65815 | Depths:5 | Killed a juggernaut
 66261 | Depths:5 | Reached XP level 25. HP: 121/217 MP: 25/25
 66400 | Depths:5 | Found a gate to the Realm of Zot.
 67147 | Vaults:5 | Reached skill level 27 in Crossbows
 67215 | Vaults:5 | Noticed an ancient lich
 67222 | Vaults:5 | Received a gift from Okawaru
 67435 | Vaults:5 | Killed an ancient lich
 67439 | Vaults:5 | Received a gift from Okawaru
 68126 | Vaults:5 | Got a silver rune of Zot
 68210 | Vaults:5 | Found Siuruuk's Jewellery Shop.
 68316 | Vaults:5 | Found Sutsaplib's Food Boutique.
 68600 | Vaults:5 | Received a gift from Okawaru
 68615 | Vaults:5 | Paralysed by a floating eye for 3 turns
 68848 | Vaults:5 | Got a pair of transparent boots {god gift}
 68849 | Vaults:5 | Identified the +0 pair of boots "Acvi" {Int+4} (Okawaru gifted it to you on level 5 of the Vaults)
 68907 | Vaults:5 | Found Noits's Jewellery Boutique.
 68911 | Vaults:5 | Bought the macabre finger necklace {rN+} for 520 gold pieces
 68911 | Vaults:5 | Found the macabre finger necklace {rN+}
 68911 | Vaults:5 | Bought a cursed ring of loudness for 58 gold pieces
 68911 | Vaults:5 | Bought a cursed -3 ring of intelligence for 26 gold pieces
 68974 | Vaults:5 | Found Zedd's Distillery.
 69031 | Vaults:5 | Found Vyclicar's Magic Scroll Emporium.
 69102 | Vaults:5 | Bought a scroll of teleportation for 54 gold pieces
 69102 | Vaults:5 | Bought a scroll of teleportation for 54 gold pieces
 69102 | Vaults:5 | Bought a scroll of teleportation for 54 gold pieces
 69102 | Vaults:5 | Bought a scroll of immolation for 63 gold pieces
 69102 | Vaults:5 | Bought a scroll of magic mapping for 63 gold pieces
 69102 | Vaults:5 | Bought a scroll of holy word for 135 gold pieces
 69102 | Vaults:5 | Bought a scroll of identify for 36 gold pieces
 69126 | Vaults:5 | Bought 2 potions of flight for 120 gold pieces
 69126 | Vaults:5 | Bought a potion of curing for 60 gold pieces
 69126 | Vaults:5 | Bought 2 potions of curing for 120 gold pieces
 69126 | Vaults:5 | Bought a potion of curing for 60 gold pieces
 69126 | Vaults:5 | Bought a potion of flight for 60 gold pieces
 69126 | Vaults:5 | Bought a potion of brilliance for 80 gold pieces
 69126 | Vaults:5 | Bought a potion of haste for 200 gold pieces
 69126 | Vaults:5 | Bought a potion of brilliance for 80 gold pieces
 69126 | Vaults:5 | Bought a potion of haste for 200 gold pieces
 69126 | Vaults:5 | Bought a potion of heal wounds for 100 gold pieces
 69126 | Vaults:5 | Bought a potion of heal wounds for 100 gold pieces
 69126 | Vaults:5 | Bought 2 potions of curing for 120 gold pieces
 69546 | Vaults:5 | Found Gekli's Jewellery Shoppe.
 69677 | Vaults:5 | Got a pitted arbalest {god gift}
 69678 | Vaults:5 | Identified the +5 arbalest of the Owl {speed, Int+3 Dex+4} (Okawaru gifted it to you on level 5 of the Vaults)
 70095 | Slime:1  | Entered Level 1 of the Pits of Slime
 70114 | Slime:2  | Gained mutation: Potions are less effective at restoring your health. [a shining eye]
 70116 | Slime:3  | Lost mutation: You sometimes yell uncontrollably at your foes. [potion of mutation]
 70116 | Slime:3  | Lost mutation: You occasionally shout uncontrollably at your foes. [potion of mutation]
 70116 | Slime:3  | Lost mutation: Your flesh is heat resistant. (rF+) [potion of mutation]
 70116 | Slime:3  | Lost mutation: Your mind is acute. (Int +2) [potion of mutation]
 70116 | Slime:3  | Gained mutation: You are frail. (-10% HP) [potion of mutation]
 70116 | Slime:3  | Gained mutation: Your mind is acute. (Int +2) [potion of mutation]
 70116 | Slime:3  | Gained mutation: You are resistant to hostile enchantments. (MR+) [potion of mutation]
 70117 | Slime:3  | Lost mutation: You are frail. (-10% HP) [potion of mutation]
 70117 | Slime:3  | Lost mutation: You expend magic power (3 MP) to strengthen your wands. [potion of mutation]
 70117 | Slime:3  | Lost mutation: Potions are less effective at restoring your health. [potion of mutation]
 70117 | Slime:3  | Gained mutation: Your spells are a little harder to cast, but a little more powerful. [potion of mutation]
 70117 | Slime:3  | Gained mutation: You are somewhat resistant to further mutation. [potion of mutation]
 70467 | Slime:4  | Gained mutation: You are occasionally teleported next to monsters. [a shining eye]
 70497 | Slime:4  | Reached XP level 26. HP: 229/232 MP: 25/25
 70612 | Slime:5  | Entered Level 5 of the Pits of Slime
 71074 | Slime:5  | Received a gift from Okawaru
 71094 | Slime:5  | Found a viscous altar of Jiyva.
 71095 | Slime:5  | Noticed the Royal Jelly
 71380 | Slime:5  | Killed the Royal Jelly
 71380 | Slime:5  | Received a gift from Okawaru
 71380 | Slime:5  | Received a gift from Okawaru
 71811 | Slime:5  | Got a warped golden amulet
 71812 | Slime:5  | Identified the amulet of Moral Flaws {Faith rElec Str+4} (You found it on level 5 of the Pits of Slime)
 71828 | Slime:5  | Got a slimy rune of Zot
 71873 | Slime:5  | Identified the Compendium of Enthralling Confrontation
 71893 | Slime:5  | Got an ichor-stained plate armour
 71894 | Slime:5  | Identified the +4 plate armour of the Turtle {*Slow rCorr Str+5} (You found it on level 5 of the Pits of Slime)
 71957 | Slime:5  | Got a dazzling short sword
 71958 | Slime:5  | Identified the cursed +3 short sword of Yfept {speed, rPois rC- rN+ SInv} (You found it on level 5 of the Pits of Slime)
 71970 | Slime:5  | Got a shimmering short sword
 71971 | Slime:5  | Identified the +4 short sword "Emurr" {venom, rC++ rN+ Dex-5} (You found it on level 5 of the Pits of Slime)
 72787 | D:3      | Fell from the grace of Okawaru
 72787 | D:3      | Became a worshipper of Makhleb the Destroyer
 73221 | Depths:3 | Learned a level 8 spell: Necromutation
 73230 | Depths:3 | Learned a level 8 spell: Death's Door
 73340 | Zot:1    | Entered Level 1 of the Realm of Zot
 73365 | Zot:1    | Reached skill level 1 in Transmutations
 73369 | Zot:1    | Reached skill level 1 in Necromancy
 73388 | Zot:1    | Reached skill level 1 in Spellcasting
 73389 | Zot:1    | HP: 1/234 [purple draconian stormcaller/divine providence (12)]
 73395 | Zot:1    | HP: 11/234 [red draconian stormcaller/long sword (6)]
 73416 | Zot:1    | HP: 2/234 [frost giant/battleaxe of freezing[the fury of Okawaru] (27)]
 73416 | Zot:1    | Slain by a frost giant

Skill      XL: |  1  2  3  4  5  6  7  8  9 10 11 12 13 14 15 16 17 18 19 20 21 22 23 24 25 26 |
---------------+-------------------------------------------------------------------------------+-----
Armour         | 1 2 3 4 5 6 8 9 10 11 12 13 15 16 17 18 | 18.4
Fighting       | 4 5 6 7 8 10 11 12 13 15 16 17 18 | 18.4
Long Blades    | 4 5 6 7 8 10 11 12 13 14 19 20 22 | 22.4
Dodging        | 4 5 6 7 8 9 10 11 12 14 15 16 17 | 17.0
Invocations    | 2 4 5 |  5.1
Shields        | 2 5 7 9 10 | 10.5
Maces & Flails | 6 14 18 20 21 22 | 22.3
Crossbows      | 10 16 20 23 26 27 | 27.0
Transmutations | 2 |  2.4
Necromancy     | 2 |  2.2
Spellcasting   | 1 |  1.2
Stealth        | |  1.5

Action                   |  1- 3 |  4- 6 |  7- 9 | 10-12 | 13-15 | 16-18 | 19-21 | 22-24 | 25-27 || total
-------------------------+-------+-------+-------+-------+-------+-------+-------+-------+-------++-------
Melee: Falchion          |    67 |   157 |   421 |   226 |       |       |       |       |       ||   871
       Headbutt          |    10 |    33 |   106 |   251 |   409 |   271 |   553 |   598 |   255 ||  2486
       Dagger            |       |     6 |       |       |       |       |       |       |       ||     6
       Long sword        |       |       |       |   490 |   840 |       |       |       |       ||  1330
       Whip              |       |       |       |    52 |    18 |       |       |       |       ||    70
       Scimitar          |       |       |       |       |   360 |   130 |       |       |       ||   490
       Great mace        |       |       |       |       |       |   793 |     8 |     9 |       ||   810
       Great sword       |       |       |       |       |       |    93 |  1353 |  1320 |   443 ||  3209
 Fire: Triple crossbow   |       |       |       |       |       |       |       |   269 |       ||   269
       Arbalest          |       |       |       |       |       |       |       |       |   280 ||   280
Invok: Heroism           |       |       |     1 |    15 |     4 |    10 |     3 |     9 |     7 ||    49
       Finesse           |       |       |       |     5 |       |     4 |     2 |     5 |     6 ||    22
 Abil: Stop Flying       |       |       |       |       |       |       |       |       |     1 ||     1
Evoke: Wand              |       |       |     8 |     5 |       |       |       |     4 |       ||    17
  Use: Scroll            |       |     1 |    18 |     6 |    27 |    24 |     7 |    30 |    18 ||   131
       Potion            |       |       |     5 |     5 |     5 |     3 |       |    10 |    16 ||    44
 Stab: Paralysed         |       |       |    12 |    14 |       |       |       |       |       ||    26
       Confused          |       |       |       |       |     1 |       |       |       |       ||     1
       Distracted        |       |       |       |       |     1 |       |       |     1 |       ||     2
       Invisible         |       |       |       |       |       |       |       |       |    14 ||    14
       Petrified         |       |       |       |       |       |       |       |       |     1 ||     1
  Eat: Chunk             |     1 |     9 |    20 |    34 |    57 |    30 |    21 |    15 |     9 ||   196
       Ration            |       |       |       |     8 |       |     6 |     6 |     9 |     7 ||    36
Armor: Robe              |     1 |       |       |       |       |       |       |       |       ||     1
       Ring mail         |    16 |    20 |       |       |       |       |       |       |       ||    36
       Scale mail        |       |    31 |    34 |       |       |       |       |       |       ||    65
       Skin              |       |       |     1 |       |       |       |       |       |       ||     1
       Chain mail        |       |       |    95 |    21 |       |       |       |       |       ||   116
       Plate armour      |       |       |       |   219 |   462 |   361 |       |       |       ||  1042
       Storm dragon scal |       |       |       |       |       |   250 |   490 |   703 |   188 ||  1631
       Gold dragon scale |       |       |       |       |       |       |       |       |   228 ||   228
Dodge: Dodged            |    53 |   106 |   261 |   318 |   592 |   937 |  1067 |  1561 |   863 ||  5758
Block: Shield            |       |       |    49 |   387 |   807 |    58 |       |       |       ||  1301
       Reflection        |       |       |       |     7 |    67 |       |       |       |       ||    74
       Rpst.: Falchion   |    13 |    37 |    61 |    14 |       |       |       |       |       ||   125
       Long sword        |       |       |       |    49 |    72 |       |       |       |       ||   121
       Scimitar          |       |       |       |       |    35 |    11 |       |       |       ||    46
       Great sword       |       |       |       |       |       |    22 |   223 |   203 |   135 ||   583
